Map: Ulrena

Players

lockwut - Winner!

  • Race: Zerg Zerg
  • League: Diamond

LilDicky

  • Race: Terran Terran
  • League: Diamond

VOD

http://www.twitch.tv/tumescentpie

Description

Time

  • Played on: Dec. 31, 2015, 4:37 p.m.
  • Length: 5:53
Show
View Real Time Build Order
Export as new Build Order

lockwut Zerg - Winner!

Build Orders: Hatch First 

Get SALT Encoding   

  12  0:01  Drone  
  13  0:13  Overlord  
  13  0:17  Drone  
  14  0:31  Drone x2  
  16  0:36  Drone  
  17  0:51  Drone  
  18  0:58  Hatchery  
  18  1:02  Drone, Extractor  
  17  1:15  Spawning Pool  
  17  1:17  Drone  
  17  1:28  Drone  
  18  1:38  Drone  
  19  1:44  Overlord  
  19  2:04  Queen  
  21  2:08  Zergling x2  
  21  2:09  Zergling x2  
  21  2:12  Queen  
  21  2:15  Metabolic Boost  
  25  2:17  Drone x2  
  25  2:21  Drone  
  28  2:25  Drone  
  29  2:34  Drone x2  
  31  2:44  Drone  
  32  2:54  Hatchery  
  32  2:56  Roach Warren  
  32  2:57  Overlord  
  30  3:00  Drone  
  30  3:03  Drone  
  32  3:05  Drone  
  32  3:07  Drone  
  34  3:15  Drone  
  34  3:16  Drone  
  34  3:17  Queen  
  38  3:24  Queen  
  40  3:28  Extractor  
  40  3:32  Overlord x2  
  39  3:37  Drone x2  
  41  3:44  Spore Crawler  
  41  3:46  Spore Crawler  
  39  3:53  Roach x2  
  43  3:57  Drone x3  
  46  4:07  Drone x4  
  50  4:13  Lair  
  50  4:23  Extractor x2  
  48  4:25  Drone x5  
  53  4:35  Baneling Nest  
  53  4:41  Drone x2  
  55  4:47  Drone x2  
  55  4:50  Overlord x2  
  55  4:51  Spore Crawler  
  56  4:53  Zergling x4  
  58  5:03  Overlord  
  58  5:10  Ravager x2  
  58  5:11  Spore Crawler, Roach x4  
  58  5:12  Roach  
  69  5:18  Zergling x4  
  69  5:19  Zergling x4  
  72  5:28  Baneling x2  
  72  5:29  Baneling  
  72  5:30  Zergling x8  
  72  5:31  Zergling x4  
Show
View Real Time Build Order
Export as new Build Order

LilDicky Terran 

Build Orders: MMM Bio 

Get SALT Encoding   

  12  0:01  SCV  
  13  0:13  SCV  
  14  0:19  Supply Depot  
  14  0:25  SCV  
  15  0:40  SCV  
  16  0:44  Barracks  
  16  0:49  Refinery  
  16  0:53  SCV  
  17  1:05  SCV  
  17  1:08  Refinery  
  18  1:17  SCV  
  20  1:34  Marine  
  20  1:37  Barracks, Orbital Command  
  20  1:43  Barracks  
  20  1:58  Barracks Reactor, Supply Depot  
  20  2:04  SCV  
  21  2:16  SCV  
  22  2:25  Barracks Tech Lab  
  22  2:28  SCV  
  23  2:30  Barracks Tech Lab  
  23  2:33  Supply Depot  
  23  2:41  Factory  
  23  2:46  Stimpack  
  23  2:52  Combat Shields  
  23  2:55  Marine  
  24  3:00  Marine  
  24  3:01  Marine  
  24  3:05  Marine  
  27  3:07  SCV  
  28  3:19  SCV  
  29  3:32  SCV  
  30  3:34  Marine  
  30  3:35  Factory Reactor, Marine  
  30  3:38  Starport  
  30  3:39  Marine  
  30  3:40  Marine  
  34  3:50  SCV  
  34  3:52  Marine x2  
  37  3:59  Marine x2  
  39  4:05  Supply Depot  
  39  4:12  SCV, Marine  
  41  4:23  Medivac x2  
  45  4:25  SCV  
  45  4:29  Marine x3  
  45  4:30  Siege Tank  
  52  4:34  Supply Depot  
  52  4:39  Marine  
  52  4:42  SCV  
  54  4:47  Liberator, Marine  
  55  4:56  Marine x2  
  57  5:00  SCV  
  61  5:15  Supply Depot  
  61  5:22  SCV  
  62  5:34  SCV  
Tags
 
Add a new tag
Caveats
  • Supply blocks, unpowered buildings, or Contaminate may cause inaccurate times.
  • Supply counts are checked every 10 seconds.